 Dungeon Crawl Stone Soup version 0.16-a0-4048-g245e628 (webtiles) character file.

16 timbw the Caller (level 2, 0/11 HPs)
             Began as a Felid Summoner on Feb 19, 2015.
             Slain by a bat (1 damage)
             ... on level 3 of the Dungeon.
             The game lasted 00:03:06 (624 turns).

timbw the Caller (Felid Summoner)                    Turns: 624, Time: 00:03:06

Health: 0/11       AC:  1    Str:  4    XL:     2   Next: 37%
Magic:  2/5        EV: 18    Int: 16    God:
Gold:   65         SH:  0    Dex: 16    Spells: 2 memorised, 2 levels left
                                        Lives:  0   Deaths: 0

rFire  . . .     SeeInvis +     (weapon unavailable)
rCold  . . .     Clarity  .     (armour unavailable)
rNeg   . . .     SustAb   .     (shield unavailable)
rPois  .         Gourm    .     (helmet unavailable)
rElec  .         Spirit   .     (cloak unavailable)
rCorr  .         Warding  .     (gloves unavailable)
rMut   .         Stasis   .     (boots unavailable)
MR     .....                    (no amulet)
Stlth  +++.......               (no ring)
                                (no ring)

@: quick, not resistant to hostile enchantments, fairly stealthy
A: paw claws, no armour, no weapons or thrown items, fangs 3, see invisible,
carnivore 3, speed 1, shaggy fur 1, slow metabolism 1, sharp paws
a: no special abilities


You were on level 3 of the Dungeon.
You were full.

You visited 1 branch of the dungeon, and saw 4 of its levels.

You collected 65 gold pieces.

Inventory:

Scrolls
 a - 2 scrolls of identify {unknown}
 e - a scroll of fear {unknown}
 g - a scroll of magic mapping {unknown}
 h - a scroll of teleportation {unknown}
Potions
 d - a potion of agility {unknown}
 f - a potion of degeneration {unknown}
 i - a potion of cancellation {unknown}
Books
 b - a book of Callings

   Spells                             Type                      Level
   a - Summon Small Mammal            Summoning                    1
   b - Call Imp                       Summoning                    2
   c - Call Canine Familiar           Summoning                    3
   d - Summon Guardian Golem          Hexes/Summoning              4
   e - Summon Lightning Spire         Summoning/Air                4
   f - Summon Ice Beast               Ice/Summoning                4
Comestibles
 c - 3 meat rations


   Skills:
 - Level 2.6 Dodging
 - Level 2.6 Stealth
 - Level 2.0 Spellcasting
 + Level 4.6 Summonings


You had 2 spell levels left.
You knew the following spells:

 Your Spells              Type           Power        Failure   Level  Hunger
a - Summon Small Mammal   Summ           ###.         3%          1    #......
b - Call Imp              Summ           ###.....     6%          2    ###....


Dungeon Overview and Level Annotations

Branches:
Dungeon (4/15)
 Temple: D:4-7

Altars:
Gozag
Nemelex Xobeh
Vehumet


Innate Abilities, Weirdness & Mutations

You cannot wear armour.
You are incapable of wielding weapons or throwing items.
You have razor-sharp teeth.
You have supernaturally acute eyesight.
You are carnivorous and can eat meat at any time.
You cover ground quickly.
You are covered in fur (AC +1).
You have a slow metabolism.
Your paws have sharp claws that are effective at stabbing.


Message History

Your crimson imp barely misses the orc.
Something completely misses your crimson imp.
Something hits your crimson imp but does no damage.
Your crimson imp hits the goblin.
Your crimson imp blinks!
Your crimson imp blinks!
Your crimson imp blinks!
The bat barely misses you. The bat hits you.
* * * LOW HITPOINT WARNING * * *
The bat closely misses you. The bat completely misses you.
The bat barely misses you. The bat hits you but does no damage.
The bat hits you.
* * * LOW HITPOINT WARNING * * *
The bat hits you but does no damage. The bat closely misses you.
The bat barely misses you. The bat hits you.
You die...

###### #....##
#####b##..#
#####...#@###.#
##.....#...#
#.##
#..#########
#.g# #.## ##.#
#..# #.# ##.##
#5#
##...#####...
##o#
#..#....[..#.
#..#
##.).#####...
#.##


You could see a bat.

Vanquished Creatures
  A bat skeleton (D:4)
  2 goblins (D:2)
  A hobgoblin (D:2)
  A bat (D:2)
  A giant newt (D:2)
6 creatures vanquished.

Vanquished Creatures (collateral kills)
  An adder (D:3)
  A goblin (D:2)
  A ball python (D:3)
  A giant newt (D:1)
  3 kobolds
7 creatures vanquished.

Vanquished Creatures (others)
  A quokka (D:2)
  2 bats (D:2)
  4 rats (D:2)
7 creatures vanquished.

Grand Total: 20 creatures vanquished

Notes
Turn   | Place    | Note
--------------------------------------------------------------
     0 | D:1      | timbw, the Felid Summoner, began the quest for the Orb.
     0 | D:1      | Reached XP level 1. HP: 7/7 MP: 4/4
   215 | D:2      | Found a sparkling altar of Nemelex Xobeh.
   215 | D:2      | Found a radiant altar of Vehumet.
   216 | D:2      | Found an opulent altar of Gozag.
   382 | D:2      | Reached XP level 2. HP: 9/11 MP: 3/5
   387 | D:2      | Learned a level 2 spell: Call Imp
   624 | D:3      | Slain by a bat

Action                   || total
-------------------------++-------
Melee: Unarmed           ||    27
 Cast: Summon Small Mamm ||    15
       Call Imp          ||     8
 Stab: Sleeping          ||     1
  Eat: Chunk             ||     3
